 Dungeon Crawl Stone Soup version 0.30.0-29-ga12c61a403 (webtiles) character file.

Game seed: 9419432647207611523

98 qw the Chopper (level 4, 0/28 HPs)
             Began as a Gargoyle Fighter on June 3, 2023.
             Slain by a gnoll
             ... wielding a +0 club
              (7 damage)
             ... on level 3 of the Dungeon.
             The game lasted 00:01:00 (1832 turns).

qw the Chopper (Gargoyle Fighter)                   Turns: 1832, Time: 00:01:00

Health: 0/28       AC: 12    Str: 21    XL:     4   Next: 69%
Magic:  4/4        EV:  4    Int:  9    God:
Gold:   90         SH:  0    Dex:  9    Spells: 3/3 levels left

rFire   . . .        Y - +1 war axe
rCold   . . .        c - +0 buckler
rNeg    + . .        a - +0 chain mail
rPois   inf          (no helmet)
rElec   +            (no cloak)
rCorr   .            (no gloves)
SInv    .            (no boots)
Will    .....        (no amulet) Stlth
                     (no ring)
HPRegen 0.24/turn    (no ring)
MPRegen 0.09/turn

%: no passive effects
@: about to teleport, held
A: sickness immunity, AC +3, negative energy resistance 1, electricity
resistance, torment resistance 1, petrification resistance
a: no special abilities


You were on level 3 of the Dungeon.
You visited 1 branch of the dungeon, and saw 3 of its levels.

You collected 90 gold pieces.


Innate Abilities, Weirdness & Mutations

You are immune to sickness and miasma.
Your stone body is resilient. (AC +3)
You are immune to poison.
You resist negative energy. (rN+)
You are resistant to electric shocks. (rElec)
You are resistant to unholy torment.
You are immune to petrification.


   Skills:
 - Level 3.2 Fighting
 + Level 4.0 Axes
 - Level 1.1 Throwing
 - Level 3.2 Armour
 - Level 3.2 Shields


You had 3 spell levels left.
You didn't know any spells.
Your spell library was empty.

Inventory:

Hand Weapons
 r - a +0 whip
 Y - a +1 war axe (weapon)
Missiles
 p - a javelin (quivered)
Armour
 a - a +0 chain mail (worn)
 c - a +0 buckler (worn)
 e - a +0 plate armour
Scrolls
 b - a scroll of teleportation
Potions
 d - a potion of might
 f - a potion of curing {unknown}
 g - a potion of invisibility {unknown}
 h - a potion of degeneration {unknown}
 i - a potion of brilliance {unknown}
 j - a potion of attraction {unknown}
 k - a potion of mutation {unknown}
 n - a potion of flight {unknown}

Dungeon Overview and Level Annotations

Branches:
Dungeon (3/15)

Altars:


Message History

1819 ||| Stepping ~*~*~tactically~*~*~ (hiding).
Enter note:
1820 ||| Stepping ~*~*~tactically~*~*~ (hiding).
Enter note:
1821 ||| Stepping ~*~*~tactically~*~*~ (hiding).
Enter note:
1822 ||| Stepping ~*~*~tactically~*~*~ (hiding).
Found a stone staircase leading up.
The gnoll shouts!
You hear a shout!
A kobold comes into view. It is wielding a +0 club.
Enter note: The gnoll shouts!
The gnoll barely misses you.
Enter note:
Enter note: You slash the gnoll!
The gnoll is severely wounded.
The gnoll hits you but does no damage.
The gnoll throws a throwing net.
The throwing net hits you.
You become entangled in the net!
The gnoll hits you but does no damage.
You struggle against the net.
The gnoll hits you but does no damage.
You struggle against the net.
The gnoll hits you with a +0 spear. The kobold barely misses you.
The gnoll hits you with a +0 flail. The gnoll hits you but does no damage.
The gnoll hits you with a +0 flail! The gnoll hits you but does no damage.
The kobold hits you with a +0 club. The gnoll hits you with a +0 spear.
The gnoll hits you but does no damage. The kobold hits you with a +0 club.
The gnoll hits you but does no damage.
The gnoll hits you but does no damage. x3
The kobold hits you but does no damage. The gnoll hits you but does no damage.
The gnoll completely misses you.
A goblin comes into view. It is wielding a +0 club.
The kobold hits you but does no damage. The gnoll hits you with a +0 spear.
1832 ||| READING 2 scrolls of teleportation.
As you read the scroll of teleportation, it crumbles to dust.
You feel strangely unstable.
The goblin shouts!
The gnoll hits you with a +0 club!
You die...

.........).........#
.....#..............##
.................#...#
.....................#
...................#.#
.<........).......####
..................#
#.....K...........#
#.....g@g......).##
#..##.g..........#
#.##..#...##..# #.
##.#(.####...# .
..#..# ##... g.
......# ... ##
....(..# .. ..#.## ..
...#.


You could see 3 gnolls, a goblin and a kobold.

Vanquished Creatures
  2 adders (D:2)
  A gnoll (D:3)
  A shadow imp (D:3)
  2 worms (D:2)
  A dart slug (D:1)
  6 endoplasms
  2 giant cockroaches
  5 goblins
  5 hobgoblins
  4 jackals
  2 quokkas (D:2)
  4 ball pythons
  5 bats
  A frilled lizard (D:1)
  7 kobolds
  3 rats
51 creatures vanquished.

Notes
Turn   | Place    | Note
-------+----------+-------------------------------------------
     0 | D:1      | qw the Gargoyle Fighter began the quest for the Orb.
     0 | D:1      | Reached XP level 1. HP: 14/14 MP: 1/1
     0 | D:1      | 0 ||| qw: Version: 0.2-a-103-g5a998e5
     0 | D:1      | 0 ||| qw: Game counter: 983
     0 | D:1      | 0 ||| qw: Always use a shield: true
     0 | D:1      | 0 ||| qw: God list: Okawaru
     0 | D:1      | 0 ||| qw: Allow faded altars: false
     0 | D:1      | 0 ||| qw: Do Orc after D:15 true
     0 | D:1      | 0 ||| qw: Do second Lair branch before Depths: true
     0 | D:1      | 0 ||| qw: Lair rune preference: random
     0 | D:1      | 0 ||| qw: Plans: Normal, Zot:1-4, Slime:5, God:TSO, Crypt,
                  | Tomb, Pan, Hells, Abyss, Win
     0 | D:1      | 0 ||| PLANNING D:1-11
    34 | D:1      | Reached skill level 2 in Axes
   190 | D:1      | Reached XP level 2. HP: 19/19 MP: 2/2
   615 | D:1      | 615 ||| FLEEEEING.
   621 | D:1      | 621 ||| FLEEEEING.
   622 | D:1      | 622 ||| FLEEEEING.
   623 | D:1      | 623 ||| FLEEEEING.
   634 | D:1      | 634 ||| Stepping ~*~*~tactically~*~*~ (hiding).
   984 | D:1      | 984 ||| DROPPING orb of guile.
   985 | D:1      | 985 ||| READING scroll labelled TAP ISTOELOAHA.
   990 | D:1      | 990 ||| READING scroll labelled MIEWOI OFORCH.
   991 | D:1      | 991 ||| DRINKING 2 fizzy black potions.
   997 | D:1      | 997 ||| DROPPING potion of ambrosia.
  1038 | D:2      | Reached skill level 3 in Axes
  1051 | D:2      | 1051 ||| Stepping ~*~*~tactically~*~*~ (stealth).
  1058 | D:2      | Reached XP level 3. HP: 23/23 MP: 3/3
  1102 | D:2      | 1102 ||| FLEEEEING.
  1103 | D:2      | 1103 ||| FLEEEEING.
  1187 | D:2      | 1187 ||| Stepping ~*~*~tactically~*~*~ (stealth).
  1434 | D:2      | 1434 ||| DROPPING +0 club.
  1549 | D:2      | Reached skill level 1 in Throwing
  1554 | D:2      | Reached XP level 4. HP: 28/28 MP: 4/4
  1646 | D:2      | 1646 ||| UPGRADING to +0 chain mail.
  1656 | D:2      | 1656 ||| DROPPING +0 scale mail.
  1657 | D:2      | 1657 ||| READING scroll labelled LUALIYRULL.
  1658 | D:2      | 1658 ||| READING scroll labelled PARRE AFAZO.
  1659 | D:2      | 1659 ||| READING scroll labelled LENWAI JOGRAXT.
  1660 | D:2      | 1660 ||| READING scroll labelled NULIHYLL KAIGG.
  1722 | D:3      | 1722 ||| FLEEEEING.
  1723 | D:3      | 1723 ||| FLEEEEING.
  1724 | D:3      | 1724 ||| FLEEEEING.
  1725 | D:3      | 1725 ||| FLEEEEING.
  1799 | D:3      | 1799 ||| Stepping ~*~*~tactically~*~*~ (stealth).
  1803 | D:3      | Reached skill level 4 in Axes
  1813 | D:3      | 1813 ||| Stepping ~*~*~tactically~*~*~ (stealth).
  1815 | D:3      | 1815 ||| Stepping ~*~*~tactically~*~*~ (stealth).
  1816 | D:3      | 1816 ||| Stepping ~*~*~tactically~*~*~ (stealth).
  1819 | D:3      | 1819 ||| Stepping ~*~*~tactically~*~*~ (hiding).
  1820 | D:3      | 1820 ||| Stepping ~*~*~tactically~*~*~ (hiding).
  1821 | D:3      | 1821 ||| Stepping ~*~*~tactically~*~*~ (hiding).
  1822 | D:3      | 1822 ||| Stepping ~*~*~tactically~*~*~ (hiding).
  1831 | D:3      | HP: 7/28 [gnoll/+0 spear (4)]
  1832 | D:3      | 1832 ||| READING 2 scrolls of teleportation.
  1832 | D:3      | Slain by a gnoll

Levels and vault maps discovered:
D:1:      erik_arrival_triangle_small, layout_basic, minmay_misc_feat_x,
          hex_medium, minmay_misc_feat_tiny, dreamdust_princess_corridor
D:2:      layout_loops_ring
D:3:      layout_rooms

Skill      XL: |  1  2  3  4 |
---------------+-------------+-----
Axes           | 2 3 4 |  4.0
Throwing       | 1 |  1.1
Fighting       | |  3.2
Armour         | |  3.2
Shields        | |  3.2

Action                     |  1- 3 |  4- 6 || total
---------------------------+-------+-------++-------
  Melee: War axe           |    93 |    41 ||   134
  Throw: Javelin           |     8 |     7 ||    15
    Use: Scroll            |     2 |     5 ||     7
         Potion            |     1 |       ||     1
 Armour: Scale mail        |    46 |     6 ||    52
         Chain mail        |       |    35 ||    35
  Dodge: Dodged            |    38 |    12 ||    50
  Block: Buckler           |    19 |    13 ||    32

Table legend:
 A = Non-vault XP
 B = Vault XP
 C = Vault XP percentage of total XP
 D = Non-vault monster count
 E = Vault monster count
 F = Vault count percentage of total count
                 A         B        C        D         E       F
            +---------+---------+-------+---------+---------+-------
      Total |     140 |       0 |   0.0 |      51 |       0 |   0.0
            +---------+---------+-------+---------+---------+-------
        D:1 |      26 |       0 |   0.0 |      15 |       0 |   0.0
        D:2 |      73 |       0 |   0.0 |      24 |       0 |   0.0
        D:3 |      41 |       0 |   0.0 |      12 |       0 |   0.0
            +---------+---------+-------+---------+---------+-------
